 Dungeon Crawl Stone Soup version 0.27.1-33-g824d729ab1 (webtiles) character file.

Game seed: 5406127260461142968

229 Cykl0x the Skirmisher (level 6, -1/39 HPs)
             Began as a Gargoyle Fighter on Nov 26, 2021.
             Killed by divine providence
             ... invoked by an orc priest
              (11 damage)
             ... on level 4 of the Dungeon.
             The game lasted 00:04:34 (3475 turns).

Cykl0x the Skirmisher (Gargoyle Fighter)            Turns: 3475, Time: 00:04:34

Health: -1/39      AC: 13    Str: 22    XL:     6   Next: 3%
Magic:  6/6        EV:  6    Int:  8    God:
Gold:   39         SH:  9    Dex:  9    Spells: 5/5 levels left

rFire    . . .     SeeInvis .   a - +0 long sword
rCold    . . .     Faith    .   c - +0 kite shield
rNeg     + . .     Spirit   .   o - +0 chain mail
rPois    ∞         Reflect  .   (no helmet)
rElec    +         Harm     .   (no cloak)
rCorr    .         Rampage  .   (no gloves)
Will     .....                  (no boots)
Stlth    ..........             (no amulet)
HPRegen  0.13/turn              (no ring)
MPRegen  0.10/turn              (no ring)

@: no status effects
A: sickness immunity, AC +4, negative energy resistance 1, electricity
resistance, torment resistance 1, petrification resistance
a: no special abilities


You were on level 4 of the Dungeon.
You visited 1 branch of the dungeon, and saw 4 of its levels.

You collected 99 gold pieces.
You spent 60 gold pieces at shops.

Inventory:

Hand Weapons
 a - a +0 long sword (weapon)
 l - a +1 dagger of speed
Missiles
 g - 89 stones (quivered)
 i - 33 poisoned darts
Armour
 b - a +0 scale mail
 c - a +0 kite shield (worn)
 o - a +0 chain mail (worn)
Potions
 d - a potion of might
 h - a potion of lignification
 j - 2 potions of brilliance {unknown}
 k - 2 potions of cancellation {unknown}
 m - a potion of heal wounds
 n - a potion of ambrosia {unknown}


   Skills:
 * Level 4.3 Fighting
 + Level 3.0 Long Blades
 * Level 1.9 Throwing
 + Level 3.9 Armour
 * Level 1.5 Dodging
 + Level 3.8 Shields


You had 5 spell levels left.
You didn't know any spells.
Your spell library was empty.

Dungeon Overview and Level Annotations

Branches:
Dungeon (4/15)
 Temple: D:4-7

Altars:
Fedhas
Trog

Shops:
D:3 !([=(


Innate Abilities, Weirdness & Mutations

You are immune to sickness and miasma.
Your stone body is resilient. (AC +4)
You are immune to poison.
You resist negative energy. (rN+)
You are resistant to electric shocks. (rElec)
You are resistant to unholy torment.
You are immune to petrification.


Message History

The orc priest is caught in the net!
The orc priest struggles against the net.
You barely miss the orc. The orc hits you with a +0 club.
The orc priest struggles against the net.
Throw: 3 javelins
Press: ? - help, Q - select action, (/) - cycle Shift-Dir - straight line, f - orc, p - orc priest
Aim: an orc, wielding a +0 whip and wearing a +0 scale mail (58% to hit)
You throw a javelin. The javelin closely misses the orc.
The javelin pierces through the orc priest!
The orc priest is heavily wounded.
The javelin barely misses the orc.
The javelin barely misses the orc.
The orc hits you but does no damage.
The orc priest struggles against the net. x2
Throw: 2 javelins
Press: ? - help, Q - select action, (/) - cycle Shift-Dir - straight line, f/p - orc
Aim: an orc, wielding a +0 whip and wearing a +0 scale mail (58% to hit)
You throw a javelin. The javelin barely misses the orc. x2
The orc hits you with a +0 hand axe.
* * * LOW HITPOINT WARNING * * *
You block the orc's attack.
The orc priest struggles against the net.
The net rips apart, and the orc priest comes free!
The orc barely misses you.
Throw: javelin
Press: ? - help, Q - select action, (/) - cycle Shift-Dir - straight line, f - orc priest, p - orc
Aim: an orc priest, wielding a +0 trident (heavily wounded, 54% to hit)
You throw a javelin. The javelin pierces through the orc!
You kill the orc!
The javelin barely misses the orc priest.
You block the orc's attack. You block the orc priest's attack.
A jelly comes into view.
The orc hits you but does no damage.
The orc priest hits you but does no damage.
The jelly moves out of view.
You aren't carrying any scrolls.
The orc hits you but does no damage.
The orc priest invokes the aid of Beogh against you.
Beogh smites you!
You die...

.... #..# #########
#..#
........#######..#
######...........#
#####...........###
#........[........#
#.................#
#.............#@..#
#.............#oo.#
#####.........#)..#
###########Z###


oo. ..... #...[.. #....... #........ You could see an orc priest, 3 orcs and an
adder skeleton.

Vanquished Creatures
  A hound (D:4)
  A jelly (D:4)
  Jessica (D:2)
  An iguana (D:3)
  5 adders
  4 worms
  2 dart slugs
  3 orcs
  7 ball pythons
  A bat (D:1)
  3 endoplasms
  2 giant cockroaches
  6 goblins
  6 hobgoblins
  2 frilled lizards
  5 kobolds
  8 rats (D:2)
58 creatures vanquished.

Notes
Turn   | Place    | Note
-------+----------+-------------------------------------------
     0 | D:1      | Cykl0x the Gargoyle Fighter began the quest for the Orb.
     0 | D:1      | Reached XP level 1. HP: 14/14 MP: 1/1
   558 | D:1      | Reached XP level 2. HP: 19/19 MP: 2/2
  1217 | D:2      | Found a bloodstained altar of Trog.
  1252 | D:2      | Reached XP level 3. HP: 18/24 MP: 3/3
  1616 | D:2      | Reached skill level 1 in Throwing
  1782 | D:2      | Noticed Jessica
  1786 | D:2      | Killed Jessica
  1787 | D:2      | Reached skill level 1 in Dodging
  1787 | D:2      | Reached XP level 4. HP: 29/29 MP: 4/4
  1880 | D:2      | Found a faded altar of an unknown god.
  2406 | D:2      | Reached skill level 4 in Fighting
  2656 | D:3      | Reached XP level 5. HP: 33/33 MP: 5/5
  2689 | D:3      | Found Loumpucee's Distillery.
  2700 | D:3      | Bought a potion of heal wounds for 60 gold pieces
  2787 | D:3      | Found Xycig's Antique Armour Boutique.
  2926 | D:3      | Found Kenijur's Weapon Emporium.
  2926 | D:3      | Found Xiuputoa's Jewellery Boutique.
  3048 | D:3      | Found Cookogao's Weapon Shoppe.
  3290 | D:3      | Found a blossoming altar of Fedhas.
  3444 | D:4      | Reached XP level 6. HP: 12/38 MP: 6/6
  3475 | D:4      | Killed from afar by an orc priest

Illustrated notes

Levels and vault maps discovered:
D:1:      nagdon_arrival_double_spiral, layout_basic, serial_glass,
          glass_columns_a, glass_columns_b, glass_columns_a, glass_columns_a,
          glass_columns_a, glass_columns_a, glass_columns_a, glass_columns_c,
          glass_columns_c, glass_columns_b, glass_columns_b, glass_columns_a,
          glass_columns_b, glass_columns_a
D:2:      layout_rooms, basic_ecumenical_altar, basic_altar,
          serial_bayou_pond_e, minmay_misc_feat_square, minmay_rat_gold_closets,
          uniq_jessica
D:3:      layout_loops_ring, nicolae_overflow_hidden_temple, serial_shops,
          nicolae_shop_temple_entry_statues_fountains, shop,
          nicolae_diamond_shop, nicolae_shop_crystal, shop,
          minmay_misc_feat_enclosed
D:4:      layout_basic, minmay_temple_entry_glassed_door, portal_sewer_entry_e

Skill      XL: |  1  2  3  4  5 |
---------------+----------------+-----
Long Blades    | 2 3 |  3.0
Throwing       | 1 |  1.9
Dodging        | 1 |  1.5
Fighting       | 4 |  4.3
Armour         | |  3.9
Shields        | |  3.8

Action                   |  1- 3 |  4- 6 || total
-------------------------+-------+-------++-------
Melee: Long sword        |    77 |   126 ||   203
Throw: Stone             |    48 |    34 ||    82
       Javelin           |       |     3 ||     3
       Throwing net      |       |     1 ||     1
  Use: Scroll            |     1 |     2 ||     3
Armor: Scale mail        |    44 |    36 ||    80
       Chain mail        |       |    23 ||    23
Dodge: Dodged            |    33 |    33 ||    66
Block: Kite shield       |    50 |    56 ||   106
       Rpst.: Long sword |    15 |    11 ||    26
